 Dungeon Crawl Stone Soup version 0.21-a0-185-g3a6ed1e (webtiles) character file.

247 namelastname112 the Skirmisher (level 5, 0/79 HPs)
             Began as a Draconian Wanderer on Aug 12, 2017.
             Succumbed to a killer bee's poison
             ... on level 4 of the Dungeon.
             The game lasted 00:04:05 (2949 turns).

namelastname112 the Skirmisher (Draconian Wanderer) Turns: 2949, Time: 00:04:06

Health: 0/79       AC: 22    Str: 21    XL:     5   Next: 85%
Magic:  5/5        EV:  2    Int: 11    God:
Gold:   129        SH:  0    Dex: 11    Spells: 4/4 levels left

rFire    . . .     SeeInvis .   p - +0 falchion
rCold    . . .     Gourm    .   (no shield)
rNeg     + + +     Faith    .   (armour unavailable)
rPois    +         Spirit   .   (helmet currently unavailable)
rElec    .         Reflect  .   (cloak currently unavailable)
rCorr    .         Harm     .   (gloves currently unavailable)
MR       .....     NoTele   +   (boots currently unavailable)
Stlth    +.........             (no amulet)
HPRegen  0.23/turn              (no ring)
MPRegen  0.09/turn              (no ring)

@: mighty, lethally poisoned (0 -> -6), tree-form
A: unfitting armour, AC +5
a: no special abilities


You were on level 4 of the Dungeon.
You were very hungry.
You were a tree.
You visited 1 branch of the dungeon, and saw 4 of its levels.

You collected 129 gold pieces.

Inventory:

Hand Weapons
 p - a +0 falchion (weapon)
Wands
 a - a wand of confusion (9/48)
Scrolls
 b - a scroll of fog {unknown}
 g - a scroll of teleportation {unknown}
 h - a scroll of magic mapping {unknown}
 k - a scroll of random uselessness {unknown}
 l - 3 scrolls of identify {unknown}
 n - a scroll of noise {unknown}
 s - 2 scrolls of remove curse
 t - a scroll of blinking {unknown}
 v - a scroll of enchant weapon {unknown}
Potions
 c - 2 potions of lignification
 i - a potion of degeneration {unknown}
 j - 2 potions of agility {unknown}
 m - 2 potions of heal wounds {unknown}
 o - a potion of cancellation {unknown}
 q - a potion of curing {unknown}
Comestibles
 d - 2 bread rations
 r - a fruit
 u - a royal jelly


   Skills:
 + Level 7.8 Fighting
 * Level 2.4 Long Blades
   Level 2.0 Maces & Flails
 - Level 1.0 Throwing
 + Level 3.0 Dodging
 - Level 1.0 Evocations


You had 4 spell levels left.
You didn't know any spells.

Dungeon Overview and Level Annotations

Branches:
Dungeon (4/15)
 Temple: D:4-7

Altars:
Sif Muna


Innate Abilities, Weirdness & Mutations

((Your plain brown scales are hard. (AC +5)))
You cannot fit into any form of body armour.
((You are cold-blooded and may be slowed by cold attacks.))


Message History

The killer bee is heavily wounded.
You feel sick.
The killer bee stings you but does no damage.
You take 1 damage, and have 3/79 hp.
You catch the helpless killer bee completely off-guard!
You hit the killer bee.
The killer bee is severely wounded.
You feel sick.
You take 1 damage, and have 3/79 hp.
The killer bee seems less confused.
You feel sick.
You take 1 damage, and have 2/79 hp.
The killer bee seems less confused.
The killer bee stings you.
* * * LOW HITPOINT WARNING * * *
You are more poisoned.
The killer bee poisons you!
You take 1 damage, and have 1/79 hp.
It was a potion of might.
You feel very mighty all of a sudden.
You die...

# ## .#. ##### #.#
#...##### ##.#
##.##..#.#
######..#####.####....
#...#.#.......###....#
####..###.........##.#
##♣# #.......####.#
#y####.....## #.# #y.#
#....## #.# #.
##.####..<######.. #..#
#..##.......#....
##...###.......#......#.
#..........#...##....###
..y####y.##.##..##....#
# #.## .###.###..## #


You could see 2 killer bees.

Vanquished Creatures
  2 killer bees (D:4)
  Terence (D:3)
  3 adders
  A worm (D:2)
  2 dart slugs (D:1)
  3 leopard geckos
  2 orcs (D:3)
  3 ball pythons
  9 bats
  4 giant cockroaches
  10 goblins
  3 hobgoblins
  9 jackals
  3 quokkas
  14 frilled lizards
  5 kobolds
  9 rats
83 creatures vanquished.

Vanquished Creatures (others)
  2 killer bees (D:4)
2 creatures vanquished.

Grand Total: 85 creatures vanquished

Notes
Turn   | Place    | Note
-------+----------+-------------------------------------------
     0 | D:1      | namelastname112 the Draconian Wanderer began the quest for the Orb.
     0 | D:1      | namelastname112 set off with: a wand of confusion (15/48), a +0 mace, a potion of lignification, a bread ration
     0 | D:1      | Reached XP level 1. HP: 25/25 MP: 1/1
    86 | D:1      | Reached XP level 2. HP: 15/31 MP: 2/2
   404 | D:1      | Reached skill level 1 in Dodging
   488 | D:1      | Reached skill level 7 in Fighting
   553 | D:1      | Reached XP level 3. HP: 24/39 MP: 3/3
  1193 | D:2      | Reached XP level 4. HP: 24/47 MP: 4/4
  1488 | D:2      | Found a deep blue altar of Sif Muna.
  1961 | D:3      | Noticed Terence
  1998 | D:3      | Killed Terence
  2452 | D:3      | Reached skill level 1 in Long Blades
  2452 | D:3      | Reached XP level 5. HP: 28/53 MP: 5/5
  2942 | D:4      | HP: 3/79 [poisoned by a killer bee]
  2947 | D:4      | HP: 2/79 [poisoned by a killer bee]
  2949 | D:4      | Succumbed to a killer bee's poison

Vault maps used:
D:1:      minmay_arrival_open_corners, minmay_lizard_pond
D:2:      nicolae_overflow_hidden_temple
D:3:      uniq_terence
D:4:      minmay_temple_entry_from_below_a, portal_sewer_entry_a, first_bread,
          makhleb_blood_cavern_becter, uniq_pikel

Skill      XL: |  1  2  3  4  5 |
---------------+----------------+-----
Dodging        | 1 2 3 |  3.0
Fighting       | 7 |  7.8
Long Blades    | 1 2 |  2.4
Maces & Flails | |  2.0
Throwing       | |  1.0
Evocations     | |  1.0

Action                   |  1- 3 |  4- 6 || total
-------------------------+-------+-------++-------
Melee: Mace              |    38 |       ||    38
       Tailslap          |     9 |    17 ||    26
       Spear             |   108 |    92 ||   200
       Falchion          |       |    74 ||    74
Evoke: Wand              |       |     6 ||     6
  Use: Scroll            |       |     1 ||     1
       Potion            |       |     3 ||     3
 Stab: Sleeping          |     2 |     2 ||     4
       Confused          |       |     2 ||     2
  Eat: Chunk             |     1 |     5 ||     6
Armor: Skin              |    51 |    54 ||   105
Dodge: Dodged            |   103 |   111 ||   214
       Rpst.: Falchion   |       |    25 ||    25
